 Dungeon Crawl Stone Soup version 0.21-a0-49-g7bf2ba4 (webtiles) character file.

2856 brahma the Cleaver (level 9, -5/70 HPs)
             Began as a Minotaur Fighter on June 10, 2017.
             Was a Priest of Okawaru.
             Slain by JHuti's ghost (13 damage)
             ... on level 8 of the Dungeon.
             The game lasted 00:13:57 (7980 turns).

brahma the Cleaver (Minotaur Fighter)               Turns: 7980, Time: 00:13:57

Health: -5/70      AC: 10    Str: 29    XL:     9   Next: 46%
Magic:  8/8        EV:  8    Int:  5    God:    Okawaru [***...]
Gold:   520        SH:  0    Dex: 10    Spells: 8/8 levels left

rFire    + . .     SeeInvis +   a - +0 war axe
rCold    . . .     Gourm    .   (no shield)
rNeg     . . .     Faith    .   E - +0 chain mail (curse)
rPois    .         Spirit   .   (helmet restricted)
rElec    .         Reflect  .   (no cloak)
rCorr    .         Harm     .   k - +0 pair of gloves
MR       .....                  (no boots)
Stlth    ..........             (no amulet)
Regen    0.3/turn               j - ring of see invisible
MPRegen  0.2/turn               s - ring of protection from fire

@: mighty
A: retaliatory headbutt, horns 2
a: Heroism, Renounce Religion


You were on level 8 of the Dungeon.
You worshipped Okawaru.
Okawaru was most pleased with you.
You were very full.

You visited 2 branches of the dungeon, and saw 9 of its levels.

You collected 520 gold pieces.

Inventory:

Hand Weapons
 a - a +0 war axe (weapon)
 C - a +0 spear of piercing
Missiles
 n - 9 curare-tipped needles
 r - 14 tomahawks (quivered)
 w - 26 bolts
 x - 17 poisoned needles
Armour
 b - a +0 scale mail
 k - a +0 pair of gloves (worn)
 B - a +0 chain mail
 E - a cursed +0 chain mail (worn)
Jewellery
 j - a ring of see invisible (left hand)
 s - a ring of protection from fire (right hand)
Wands
 y - a wand of digging (13/24)
 D - a wand of lightning (1/15)
 M - a wand of lightning (9/15)
Scrolls
 c - 5 scrolls of remove curse {unknown}
 e - 8 scrolls of identify {unknown}
 g - 4 scrolls of teleportation {unknown}
 h - a scroll of amnesia {unknown}
 i - 2 scrolls of magic mapping {unknown}
 l - a scroll of fog {unknown}
 t - 3 scrolls of enchant armour {unknown}
 u - 3 scrolls of noise {unknown}
 A - 2 scrolls of fear {unknown}
 H - a scroll of silence {unknown}
 K - a scroll of random uselessness {unknown}
 L - a scroll of enchant weapon {unknown}
 P - a scroll of summoning {unknown}
Potions
 d - a potion of mutation {unknown}
 q - a potion of invisibility {unknown}
 v - 2 potions of haste {unknown}
 z - 2 potions of curing
 F - 2 potions of flight {unknown}
 G - 2 potions of lignification {unknown}
 J - a potion of resistance {unknown}
 N - a potion of agility {unknown}
Comestibles
 f - 6 bread rations
 m - 12 fruits
 o - a royal jelly
 p - 5 meat rations


   Skills:
 - Level 3.6 Fighting
 + Level 14.9 Axes
 - Level 3.6 Armour
   Level 3.6 Shields


You had 8 spell levels left.
You didn't know any spells.

Dungeon Overview and Level Annotations

Branches:
Dungeon (8/15)             Temple (1/1) D:4
   Lair: D:8-11

Altars:
Ashenzari
Cheibriados
Dithmenos
Elyvilon
Gozag
Hepliaklqana
Kikubaaqudgha
Makhleb
Nemelex Xobeh
Okawaru
Qazlal
Ru
Sif Muna
Trog
Uskayaw
Vehumet
Wu Jian
Xom
Yredelemnul
Zin
The Shining One

Annotations:
D:8 JHuti's ghost, novice MiFi


Innate Abilities, Weirdness & Mutations

You reflexively headbutt those who attack you in melee.
You have a pair of horns on your head.


Message History

* * * LOW HITPOINT WARNING * * *
Your chain mail prevents you from hitting JHuti's ghost.
JHuti's ghost is severely damaged.
JHuti's ghost hits you.
* * * LOW HITPOINT WARNING * * *
JHuti's ghost burns you.
* * * LOW HITPOINT WARNING * * *
Evoke which item? (* to show all) (? for menu, Esc to quit)
Okay, then.
Evoke which item? (* to show all) (? for menu, Esc to quit)
Aiming: Lightning Bolt (will waste charges)
Press: ? - help, Shift-Dir - straight line You hear a mighty clap of thunder!
The bolt of lightning hits JHuti's ghost.
JHuti's ghost is almost destroyed.
The bolt of lightning hits JHuti's ghost.
JHuti's ghost is almost destroyed.
Evoking this partially-identified wand wasted a few charges.
JHuti's ghost hits you!
You die...

.#####.#####..#.#
).............#.#
..###...####.##.#
#.# #...# #.#
#)###...# #.#
#..##...# #.#
##.##...# #.#
....#...# #W#####
....#...# #.@...#
....#...# #.###.#
........# ### #.#
####.)..# #.#
#........ #.#
##..##### #.#
#..$. #.# ....##
#.# #...# #.#


You could see JHuti's ghost.

Vanquished Creatures
  The ghost of knot the Chopper, a novice DsAs (D:5)
  A hippogriff (D:8)
  2 orc warriors
  An ice beast (D:5)
  2 black bears
  A phantom (D:4)
  3 ogres
  A centaur (D:8)
  A crocodile (D:8)
  Blork the orc (D:6)
  2 bullfrogs
  A water moccasin skeleton (D:6)
  3 killer bees (D:7)
  4 wights (D:8)
  3 howler monkeys
  3 crimson imps
  2 hounds
  A centaur skeleton (D:8)
  2 orc priests
  A bullfrog skeleton (D:6)
  2 orc wizards
  5 worker ants
  A hound zombie (D:8)
  A hound skeleton (D:4)
  A howler monkey zombie (D:5)
  3 gnolls
  4 adders
  A shadow imp (D:5)
  3 oozes
  2 adder zombies (D:5)
  An adder skeleton (D:5)
  A worm (D:2)
  2 dart slugs
  5 leopard geckos
  12 orcs
  A ball python (D:2)
  3 giant cockroaches
  6 goblins
  12 hobgoblins
  8 jackals
  7 kobolds
  3 quokkas
  7 bats
  8 frilled lizards
  A giant cockroach zombie (D:5)
  A jackal skeleton (D:5)
  A leopard gecko skeleton (D:4)
  2 leopard gecko zombies (D:8)
  2 quokka skeletons
  7 rats
149 creatures vanquished.

Notes
Turn   | Place    | Note
-------+----------+-------------------------------------------
     0 | D:1      | brahma the Minotaur Fighter began the quest for the Orb.
     0 | D:1      | Reached XP level 1. HP: 19/19 MP: 0/0
   176 | D:1      | Reached skill level 3 in Axes
   190 | D:1      | Reached XP level 2. HP: 24/26 MP: 1/1
   352 | D:1      | Reached skill level 4 in Axes
   671 | D:1      | Reached XP level 3. HP: 31/31 MP: 2/2
  1302 | D:2      | Reached skill level 5 in Axes
  1330 | D:1      | Reached XP level 4. HP: 19/39 MP: 3/3
  1837 | D:2      | Reached skill level 6 in Axes
  1988 | D:3      | Found a snail-covered altar of Cheibriados.
  2387 | D:3      | Reached XP level 5. HP: 45/45 MP: 4/4
  2641 | D:4      | Noticed a phantom
  2663 | D:4      | Killed a phantom
  2663 | D:4      | Reached skill level 7 in Axes
  2684 | D:4      | Found a staircase to the Ecumenical Temple.
  2729 | Temple   | Entered the Ecumenical Temple
  2841 | Temple   | Became a worshipper of Warmaster Okawaru
  2891 | D:4      | Reached XP level 6. HP: 51/51 MP: 5/5
  3011 | D:4      | Reached skill level 8 in Axes
  3213 | D:5      | Entered Level 5 of the Dungeon
  3228 | D:4      | Reached * piety under Okawaru
  3388 | D:5      | Reached skill level 9 in Axes
  3400 | D:5      | Found a basalt altar of Yredelemnul.
  3476 | D:5      | Reached XP level 7. HP: 51/57 MP: 6/6
  4051 | D:5      | Noticed knot's ghost (novice DsAs)
  4070 | D:5      | Killed knot's ghost
  4070 | D:5      | Reached ** piety under Okawaru
  4070 | D:5      | Reached skill level 11 in Axes
  4070 | D:5      | Reached XP level 8. HP: 21/64 MP: 7/7
  4544 | D:6      | Reached skill level 12 in Axes
  4833 | D:6      | Noticed Blork the orc
  4848 | D:6      | Killed Blork the orc
  4848 | D:6      | Reached *** piety under Okawaru
  4898 | D:6      | Reached skill level 13 in Axes
  5784 | D:7      | Reached XP level 9. HP: 19/70 MP: 8/8
  6280 | D:8      | Reached skill level 14 in Axes
  6433 | D:8      | Reached **** piety under Okawaru
  7221 | D:8      | Noticed JHuti's ghost (novice MiFi)
  7980 | D:8      | Slain by JHuti's ghost

Vault maps used:
D:1:      dpeg_arrival_more_subterranean_lakeside_camping, minmay_tromino_i2
D:2:      hangedman_decor_push, minivault_23, minmay_close_crescents
D:3:      kennysheep_slug_shrine, first_bread
D:4:      minmay_temple_entry_poolview
D:5:      basic_altar, serial_co_window_serial, co_window_corner_a,
          co_window_paths_a, co_window_corner_a, co_window_corner_a,
          co_window_corner_a, co_window_corner_b, co_window_unsneaky_path_b,
          co_window_cross_2, co_window_2corner, co_window_paths_c,
          co_window_corner_ca, glass_columns_b
D:6:      uniq_blork_the_orc
Temple:   regret_index_temple_sigil_plot

Skill      XL: |  1  2  3  4  5  6  7  8  9 |
---------------+----------------------------+-----
Axes           | 3 4 5 6 7 9 11 13 14 | 14.9
Fighting       | |  3.6
Armour         | |  3.6
Shields        | |  3.6

Action                   |  1- 3 |  4- 6 |  7- 9 || total
-------------------------+-------+-------+-------++-------
Melee: War axe           |    60 |   143 |   209 ||   412
       Headbutt          |    11 |    26 |    41 ||    78
Throw: Tomahawk          |       |       |     9 ||     9
Invok: Heroism           |       |       |     1 ||     1
Evoke: Wand              |       |       |     1 ||     1
  Use: Potion            |       |       |     3 ||     3
  Eat: Chunk             |     1 |     7 |     7 ||    15
       Royal jelly       |       |       |     2 ||     2
       Fruit             |       |       |    12 ||    12
Armor: Scale mail        |    35 |    63 |    27 ||   125
       Chain mail        |       |       |    66 ||    66
Dodge: Dodged            |    37 |    67 |    74 ||   178
